Cogmind - Beta 16.1 @@@ ROGUE MODE // 2026.04.13 @ 17:11:33 Player: BOBIT Result: Destroyed by S-10 Pest with Light Assault Rifle Performance ------------- Evolutions (1) 500 Regions Visited (2) 400 Robots Destroyed (18) 90 Value Destroyed (460) 460 Prototype IDs (3) 60 Alien Tech Used (0) 0 Bonus (0) 0 TOTAL SCORE: 1510 Bonus ------- None Cogmind --------- Core Integrity 0/400 Matter 300/300 Energy 100/100 System Corruption 0% Temperature Cool (0) Movement Core (50) Location -9/Materials Parts ------- > --- POWER (1) -------- (None) > --- PROPULSION (2) --- (None) > --- UTILITY (4) ------ (None) > --- WEAPON (2) ------- Small Laser > --- INVENTORY (5) ---- Medium Storage Unit Medium Storage Unit High-capacity Storage Unit EM Pulse Gun Medium Laser Peak State ------------ > --- POWER ------------ Ion Engine > --- PROPULSION ------- Light Treads Light Treads > --- UTILITY ---------- High-capacity Storage Unit Seismic Detector > --- WEAPON ----------- Maul Maul > --- INVENTORY -------- Ion Engine Aluminum Leg Aluminum Leg Wheel Wheel Medium Storage Unit Medium Storage Unit Medium Storage Unit Medium Storage Unit EM Pulse Gun EM Pulse Gun Medium Laser [Rating: 10] Favorites ----------- Power Ion Engine Engine Ion Engine Propulsion Aluminum Leg Treads Light Treads Leg Aluminum Leg Wheel Wheel Hover Unit Hover Unit Utility Seismic Detector Device Seismic Detector Storage High-capacity Storage Unit Weapon Maul Energy Gun Medium Laser Impact Weapon Maul Build | -11 -10 -9 ------- Run | Yrd Mat Mat Slots Evolved 2 | . . 2 Power . | . . . Propulsion . | . . . Utility 2 | . . 2 Weapon . | . . . Parts Attached 22 | 7 4 11 Power 3 | 1 . 2 Engine 3 | 1 . 2 Core . | . . . Reactor . | . . . Propulsion 7 | 2 2 3 Treads 2 | . 2 . Leg 2 | 2 . . Wheel 2 | . . 2 Hover 1 | . . 1 Flight . | . . . Utility 7 | 2 2 3 Device 1 | 1 . . Storage 6 | 1 2 3 Processor . | . . . Hackware . | . . . Protection . | . . . Artifact . | . . . Weapon 5 | 2 . 3 Energy Gun 3 | 2 . 1 Energy Cannon . | . . . Ballistic Gun . | . . . Ballistic Cannon . | . . . Launcher . | . . . Special Weapon . | . . . Impact Weapon 2 | . . 2 Slashing Weapon . | . . . Piercing Weapon . | . . . Special Melee Weapon . | . . . Unidentified Prototypes . | . . . Parts Lost 14 | . . 14 Power 3 | . . 3 Propulsion 7 | . . 7 Utility 1 | . . 1 Weapon 3 | . . 3 Highest Loss Streak 5 | . . 5 To Critical Strikes . | . . . Average Backups 7 | 3 9 7 Power . | . 1 . Propulsion 2 | 2 4 1 Utility 2 | . 3 3 Weapon 1 | . 1 2 Tool/Special . | . . . Unused Backups 1 | . . 1 Power . | . . . Propulsion . | . . . Utility . | . . . Weapon 1 | . . 1 Tool/Special . | . . . Average Slot Usage (%) 79 | . 100 68 Engine 10 | . 14 8 Treads 11 | . 22 5 Leg 7 | . 5 8 Wheel 1 | . . 2 Hover 1 | . . 1 Device 12 | . 14 11 Storage 12 | . 14 12 Energy Gun 14 | . 28 7 Impact Weapon 7 | . . 11 Peak Build Rating 10 | 7 8 10 Average Rating 7 | 5 7 7 On Entrance 5 | . 7 8 Avg Prop Armor Cover (%) 12 | 18 . 7 Naked Turns . | . . . Heaviest Build 70 | 15 50 70 Greatest Support 40 | 20 40 40 Greatest Overweight (x) 15 | 4 1 15 Average Overweight (x) 1 | 2 . 1 Largest Inventory Capacity 20 | 8 20 20 Average Capacity 15 | 7 18 15 Most Carried 12 | 6 10 12 Average Carried 7 | 4 9 7 Final Capacity 20 | 8 20 5 Final Carried 10 | 6 10 5 Class Distribution -------------------- 92% | Mutant 7% | Scavenger-Mutant Dominant Class ---------------- Mutant | -10/Materials Mutant | -9/Materials Resources | -11 -10 -9 ----------- Run | Yrd Mat Mat Matter Collected 416 | 234 45 137 Remotely . | . . . Salvage Created 600 | 121 139 340 Parts 25 | 6 7 12 Haulers Intercepted . | . . . Recyclers Shooed . | . . . Parts Field Recycled . | . . . Retrieved Matter . | . . . Parts Self-Destructed . | . . . Prevented . | . . . Parts Restored . | . . . Kills | -11 -10 -9 ------- Run | Yrd Mat Mat Combat Hostiles Destroyed 14 | . 3 11 Melee 5 | . . 5 Guns 3 | . 3 . Classes Destroyed 7 | 2 1 4 Tunneler 1 | 1 . . Recycler 1 | 1 . . Operator 1 | . . 1 Watcher 1 | . . 1 Swarmer 4 | . . 4 Grunt 8 | . 3 5 Sentry 2 | . . 2 Best Kill Streak 7 | 2 1 7 Combat Bots Only 6 | . 1 6 Max Kills in Single Turn 1 | 1 1 1 Gunslinging . | . . . Exploded . | . . . Melee 1 | . . 1 Uniques/NPCs Destroyed . | . . . Combat | -11 -10 -9 -------- Run | Yrd Mat Mat Hostile Shots Fired 189 | . 31 158 Missed 48 | . 6 42 Hits 141 | . 25 116 Melee 1 | . . 1 Projectile 140 | . 25 115 Critical Strikes 2 | . . 2 Damage Taken 1613 | . 281 1332 Core 426 | . 22 404 Absorbed by Shields . | . . . Core Remaining (%) 95 | 100 91 . Volleys Fired 25 | 5 19 1 Largest 2 | 2 2 1 Hottest 90 | 90 90 40 Shots Fired 49 | 10 38 1 Gun 49 | 10 38 1 Cannon . | . . . Launcher . | . . . Special . | . . . Kinetic . | . . . Thermal 24 | 5 19 . Explosive . | . . . Electromagnetic 25 | 5 19 1 Robot Hit Streak 6 | 3 6 3 Robot Miss Streak 3 | 2 3 . Penetration Max . | . . . Secondary Targets . | . . . Shots Hit Robots 50 | 6 22 22 Core Hits 15 | 3 6 6 Critical Kills 3 | . . 3 Critical Parts Destroyed 6 | . . 6 Critical Strikes 10 | . 1 9 Burn 1 | . 1 . Smash 9 | . . 9 Melee Attacks 26 | . . 26 Impact 26 | . . 26 Slashing . | . . . Piercing . | . . . Sneak Attacks 1 | . . 1 Combat Hostiles . | . . . Follow-up Attacks 1 | . . 1 Damage Inflicted 1199 | 80 250 869 Guns 315 | 80 222 13 Cannons . | . . . Explosions 23 | . 23 . Melee 855 | . . 855 Ramming 6 | . 5 1 Kinetic . | . . . Thermal 125 | 26 99 . Explosive . | . . . Electromagnetic 213 | 54 146 13 Impact 855 | . . 855 Slashing . | . . . Piercing . | . . . Highest Corruption . | . . . Average Corruption . | . . . Corruption Purged . | . . . Corruption Blocked . | . . . Overload Shots . | . . . Overflow Damage 327 | . . 327 Projectiles . | . . . Explosions . | . . . Melee 327 | . . 327 Knockbacks 5 | . . 5 Impact 5 | . . 5 Kinetic . | . . . Secondary . | . . . Self-Inflicted Damage . | . . . Shots . | . . . Rammed 1 | . 1 . Targets Rammed 2 | . 1 1 Kicked 1 | . . 1 Crushed . | . . . Highest Temperature 153 | 60 153 . Average Temperature 52 | 27 58 . Received Heat Transfer 528 | . 150 378 Siege Activations . | . . . Martial Activations . | . . . Shielding Activations . | . . . Robots Disrupted . | . . . Combat Hostiles . | . . . Robots Corrupted 7 | . . 7 Combat Hostiles 6 | . . 6 Parts Fried 6 | . . 6 Impact Corruptions 15 | . . 15 Robots Melted . | . . . Combat Hostiles . | . . . Parts Melted . | . . . Heat Transferred 420 | 74 346 . Parts Sabotaged . | . . . Parts Stolen . | . . . Parts Stripped . | . . . Power Chain Reactions 1 | . 1 . Alert | -11 -10 -9 ------- Run | Yrd Mat Mat Maximum Alert Level . | . . . Low Security (%) 100 | 100 100 100 Level 1 . | . . . Level 2 . | . . . Level 3 . | . . . Level 4 . | . . . Level 5 . | . . . High Security . | . . . Max Security . | . . . Peak Influence 155 | 5 37 155 Initial . | . . . Average 37 | . 10 61 Influence Increases 418 | 10 91 317 Destroy 0b10 Robot/C 280 | . 60 220 Destroy 0b10 Robot/NC 20 | 10 . 10 Destroy Leader 62 | . 10 52 Successful Hack 19 | . 14 5 Destroy Structure 7 | . 7 . Lose Combat Pursuer 30 | . . 30 Influence Decreases 378 | 10 91 277 Time Decay 268 | 10 91 167 Lost Part 110 | . . 110 Squads Dispatched 2 | . 1 1 Investigation 1 | . 1 . Extermination . | . . . Reinforcement 1 | . . 1 Assault . | . . . Garrison . | . . . Intercept . | . . . Searches Triggered . | . . . Construction Impeded . | . . . Haulers Reinforced . | . . . Active Scanning Responses . | . . . Cargo Convoy Interrupts . | . . . Stealth | -11 -10 -9 --------- Run | Yrd Mat Mat Distress Signals 4 | . 1 3 Communications Jammed . | . . . Distress Signals . | . . . Times Spotted 28 | . 4 24 Peak Tracking Total 8 | . 2 8 Tactical Retreats 2 | . . 2 Traps | -11 -10 -9 ------- Run | Yrd Mat Mat Traps Triggered . | . . . Indirectly . | . . . Trap Hack Attempts . | . . . Triggered . | . . . Disarmed . | . . . Reprogrammed . | . . . Reused . | . . . Traps Extracted . | . . . Installed . | . . . Triggered . | . . . Machines | -11 -10 -9 ---------- Run | Yrd Mat Mat Machines Disabled . | . . . Max in Single Turn . | . . . Machines Repaired . | . . . Machines Dismantled . | . . . Machines Sabotaged . | . . . Overloaded Fab Kills . | . . . Hacking | -11 -10 -9 --------- Run | Yrd Mat Mat Machines Accessed 4 | . 3 1 Terminals 3 | . 2 1 Fabricators . | . . . Repair Stations 1 | . 1 . Recycling Units . | . . . Scanalyzers . | . . . Garrison Access . | . . . Total Hacks 8 | . 7 1 Successful 4 | . 3 1 Failed 4 | . 4 . Catastrophic 1 | . 1 . Database Lockouts . | . . . Manual . | . . . Terminals 5 | . 4 1 Fabricators . | . . . Repair Stations 3 | . 3 . Recycling Units . | . . . Scanalyzers . | . . . Garrison Access . | . . . Terminal Hacks 3 | . 2 1 Prototype ID Bank 2 | . 1 1 Emergency Access Points 1 | . 1 . Fabricator Hacks . | . . . Repair Station Hacks 1 | . 1 . Scan Component 1 | . 1 . Recycling Unit Hacks . | . . . Scanalyzer . | . . . Garrison Access Hacks . | . . . Unauthorized Hacks . | . . . Terminals . | . . . Fabricators . | . . . Repair Stations . | . . . Recycling Units . | . . . Scanalyzers . | . . . Garrison Access . | . . . Data Cores Recovered . | . . . Used . | . . . Hacking Detections 2 | . 2 . Full Trace Events 1 | . 1 . Feedback Events . | . . . Feedback Blocked . | . . . Robot Schematics Acquired . | . . . Robots Built . | . . . Authchips . | . . . Time . | . . . Total Robot Build Rating . | . . . Part Schematics Acquired . | . . . Parts Built . | . . . Authchips . | . . . Time . | . . . Total Part Build Rating . | . . . Part Studies Acquired . | . . . Parts Repaired . | . . . Time . | . . . Parts Recycled . | . . . Recycled Matter . | . . . Retrieved Matter . | . . . Retrieved Components . | . . . Parts Scanalyzed . | . . . Part Schematics Acquired . | . . . Parts Damaged . | . . . Bothacking | -11 -10 -9 ------------ Run | Yrd Mat Mat Used RIF Installer . | . . . Robots Hacked . | . . . Non-combat . | . . . Combat . | . . . Robot Hacks Applied . | . . . Relay Couplers Released . | . . . Fabnet Peak Effective % . | . . . Robots Rewired . | . . . Allies Hacked . | . . . Hacks Repelled . | . . . Allies | -11 -10 -9 -------- Run | Yrd Mat Mat Total Allies . | . . . Largest Group . | . . . Highest-Rated Group . | . . . Highest-Rated Ally . | . . . Total Orders . | . . . Ally Attacks . | . . . Total Damage . | . . . Kills . | . . . Allies Corrupted . | . . . Allies Melted . | . . . Intel | -11 -10 -9 ------- Run | Yrd Mat Mat Active Infowar (turns) 729 | 19 246 464 Seismic 729 | 19 246 464 Robot Analysis Total . | . . . Derelict Logs Recovered . | . . . Drone Launches . | . . . Drone Recoveries . | . . . Exploration | -11 -10 -9 ------------- Run | Yrd Mat Mat Turns Passed 832 | 121 246 465 Spaces Moved 324 | 50 90 184 Core 47 | 39 . 8 Treads 100 | . 58 42 Legs 146 | 11 32 103 Wheels 23 | . . 23 Hover 8 | . . 8 Flight . | . . . Fastest Speed 50 | 50 120 50 Average Speed 195 | 180 197 197 Slowest Speed 800 | 250 240 800 Overloaded Moves . | . . . Propulsion Burnouts . | . . . Robots Hopped . | . . . Potential Cave-ins . | . . . Cave-ins Triggered . | . . . Exploration Rate (%) 15 | 3 16 27 Regions Visited 2 Branch Regions . Pre-discovered Areas . | . . . Known Exits Taken . | . . . Unknown Exits Taken 2 | 1 1 . Scrap Searched . | . . . Spaces Dug . | . . . Terrain Destroyed 5 | . 5 . Melee . | . . . Projectile . | . . . AOE 5 | . 5 . Terrain Rammed . | . . . Walls Destroyed . | . . . Machines Disabled . | . . . Actions | -11 -10 -9 --------- Run | Yrd Mat Mat Total 420 | 67 119 234 Wait 2 | . 2 . Move 322 | 49 89 184 Hop . | . . . Pick Up 12 | 6 3 3 Fast Attach 12 | 7 . 5 Attach 9 | . . 9 Detach 4 | . . 4 Swap 5 | . 4 1 Drop 3 | . 1 2 Fire 25 | 5 19 1 Melee 24 | . . 24 Ram . | . . . Kick 1 | . . 1 Crush 1 | . 1 . Escape Stasis . | . . . Rewire . | . . . Trap . | . . . Miscellaneous . | . . . Route ------- -11/Scrapyard -10/Materials -9/Materials (discovered 2 exits: [*Min] / [*Sto]) History --------- Turn | Location | Event 3 | -11/Scrapyard | Discovered new exit (range 15) 122 | -11/Scrapyard | Entered Materials 303 | -10/Materials | Build established: Mutant 342 | -10/Materials | Discovered new exit (range 10) 368 | -10/Materials | Entered another Materials area 368 | -9/Materials | Evolved 2 slots: Utility x2 512 | -9/Materials | Lost 3 parts (1p2n) 589 | -9/Materials | Lost 3 parts (2n1w) 650 | -9/Materials | Core integrity fell below 50% 701 | -9/Materials | Lost 3 parts (1p1n1w) 813 | -9/Materials | Discovered new exit (range 10) 823 | -9/Materials | Discovered new exit (range 15) 826 | -9/Materials | Core integrity fell below 20% 833 | -9/Materials | Destroyed by S-10 Pest with Light Assault Rifle Last Messages --------------- 00709_ Acquired Med. Storage Unit. 00712_ K-01 Serf collects debris. 00712_ Acquired 9 matter. 00713_ K-01 Serf collects debris. 00723_ K-01 Serf cleans the Terminal. 00725_ K-01 Serf collects debris. 00726_ K-01 Serf cleans the Terminal. 00728_ K-01 Serf collects debris. 00746_ W-16 Scout destroyed. 00753_ Acquired Hover Unit. 00813_ EXIT=FOUND 00814_ Aluminum Leg destroyed. 00823_ EXIT=FOUND 00826_ Lgt. Ion Engine destroyed. 00827_ Dropped Med. Storage Unit. 00828_ S-10 Pest destroyed. 00829_ Hover Unit destroyed. 00830_ Maul destroyed. 00832_ Machine disabled. 00832_ Seismic Detector destroyed. Map ----- +----------------------------------------------------+ | | | | | | | | | | | ???????????????????????????????????? | | ???????????????????????????????????? | | ???????????????????????????????????? | | ???????????????????????????????????? | | ???????????????????????????????????? | | ???????????????????????????????????? | | ???????????????????????????????????? | | ???????????????????????????????????? | | ???????????????????????????????????? | | ???????????????????????????????????? | | ??????????#####????????????????????? | | ?????????##"""##???????????????????? | | ????????##"!!! ##??????????????????? | | ????????#"" "#??????????????????? | | ????????# #??????????????????? | | ????????# < #??????????????????? | | ????????# #??????????????????? | | ????????? #??????????????????? | | ?????????? #???????????????????? | | ??????????# #????????????????????? | | ??????????#@ #????????????????????? | | ??????????# #???+###?????????????? | | ??????????# #??? ??????????????? | | ?????????## ##? """??????????????? | | ?????????# # """??????????????? | | ?????????# # """ #??????????? | | ?????????# lY g/ #??????????? | | ?????????# g# """ #??????????? | | ?????????# # """??????????????? | | ?????????## !!##? """??????????????? | | ??????????# #?? ??????????????? | | ??????????+ #???####?????????????? | | ??????????# s #????##########??????# | | ??????????# =s#????# #??????# | | ??????????# s#????# #??????# | | ??????????# ###### #??????# | | ??????????# # #??????# | | ??????????+ + #??????# | | ??????????# # #??????# | | ??????????### #### # #??????# | | ????????????# #??# # #??????# | | ????????????# #??# # #??????# | | ????????????# #?##+######+###??????# | | ????????????# #?# ## ########## | | ????????????# ??#""" # | +----------------------------------------------------+ Best States ------------- Heat Dissipation 28 Energy Generation 10 Energy Capacity 250 Matter Stores 300 Matter Capacity 300 Sight Range 16 Terrain Scan Density 10 Evasion (%) 55 Recoil Reduction 2 Item Schematics ----------------- None Robot Schematics ------------------ None Fabricated ------------ Nothing Repaired ---------- Nothing Studied --------- None Alien Tech Used ----------------- None Achievements -------------- None Challenges ------------ None Game ------ Seed EfficiencyMobileFlightbrick Manual? 0 Play Time 00:07:53 Cumulative 54.4 hours Start 2026.04.13 @ 17:02:57 End 2026.04.13 @ 17:11:33 Sessions 1 Manual Loads 0 Difficulty Rogue Special Mode None Game No. 111 Rogue 111 Adventurer 0 Explorer 0 Win Type - Total 0 Types 0/0/0/0/0/0/0/0/0/0 Lore% 19 Gallery% 37 Achievement% 25 Wizard Run 0 Options --------- Layout 0 ASCII 0 Keyboard 0 Movement Numpad Keybinds 0 Fullscreen 1 Font 20/SmallcapsGlow Map View 66x50 Zoom Use 0% Tactical HUD 1 Map Filters NONE Filters NONE Steam 1 RUN: ba44d94d-af87-43b0-b4e2-c2e1de3cbd90